Map: Prion Terraces

Players

FLORENCIO - Winner!

  • Race: Protoss Protoss
  • League: Master

FrostGt

  • Race: Terran Terran
  • League: Master

VOD

Have the link to the VOD?

Description

Time

  • Played on: May 17, 2016, 10 p.m.
  • Length: 8:04
Show
View Real Time Build Order
Export as new Build Order

FLORENCIO Protoss - Winner!

Build Orders:  

Get SALT Encoding   

  12  0:01  Probe (Chrono Boost)  
  13  0:12  Probe (Chrono Boost)  
  14  0:18  Pylon  
  14  0:22  Probe (Chrono Boost)  
  15  0:36  Probe (Chrono Boost), Gateway  
  16  0:47  Probe (Chrono Boost)  
  17  0:51  Assimilator  
  17  0:57  Probe (Chrono Boost)  
  18  1:08  Probe (Chrono Boost)  
  19  1:13  Assimilator  
  20  1:18  Probe (Chrono Boost)  
  20  1:23  Cybernetics Core  
  20  1:29  Probe (Chrono Boost)  
  20  1:31  Pylon  
  21  1:39  Probe (Chrono Boost)  
  22  1:47  Pylon  
  22  1:50  Probe (Chrono Boost)  
  23  2:02  Stalker, Mothership Core (Chrono Boost)  
  23  2:07  Gateway  
  27  2:16  Gateway  
  27  2:21  Gateway  
  27  2:33  Gateway  
  27  2:54  Stalker  
  29  3:02  Pylon  
  29  3:09  Stalker x2  
  33  3:21  Stalker (Chrono Boost)  
  33  3:24  Stalker (Chrono Boost)  
  41  3:42  Stalker x2 (Chrono Boost)  
  41  3:43  Pylon  
  41  4:00  Stalker (Chrono Boost)  
  45  4:04  Stalker (Chrono Boost)  
  45  4:12  Pylon  
  45  4:14  Pylon  
  43  4:29  Adept (Chrono Boost)  
  49  4:32  Adept x2 (Chrono Boost)  
  37  4:52  Adept x2 (Chrono Boost)  
  39  4:59  Adept (Chrono Boost)  
  43  5:03  Adept (Chrono Boost)  
  43  5:16  Adept (Chrono Boost)  
  43  5:19  Adept (Chrono Boost)  
  45  5:31  Adept x2 (Chrono Boost)  
  35  6:12  Stalker (Chrono Boost)  
  35  6:16  Stalker (Chrono Boost)  
  35  6:17  Stalker (Chrono Boost)  
  31  6:28  Stalker (Chrono Boost)  
  31  6:37  Pylon  
  31  6:39  Stalker (Chrono Boost)  
  33  6:45  Mothership Core  
  33  6:46  Stalker (Chrono Boost)  
  33  6:47  Stalker (Chrono Boost)  
  38  6:58  Stalker (Chrono Boost)  
  40  7:05  Stalker (Chrono Boost)  
  44  7:16  Stalker (Chrono Boost)  
  44  7:22  Stalker (Chrono Boost)  
  44  7:28  Stalker (Chrono Boost)  
Show
View Real Time Build Order
Export as new Build Order

FrostGt Terran 

Build Orders: 1/1/1, Cyclone Opening 

Get SALT Encoding   

  12  0:01  SCV  
  13  0:13  SCV  
  14  0:17  Supply Depot  
  14  0:25  SCV  
  15  0:31  Refinery  
  15  0:39  SCV  
  16  0:45  Barracks  
  16  0:51  SCV  
  17  1:03  SCV  
  18  1:07  Refinery  
  18  1:15  SCV  
  19  1:33  Orbital Command  
  19  1:37  Factory  
  19  1:38  Marine  
  20  1:50  Supply Depot  
  20  2:00  SCV  
  21  2:01  Barracks Reactor  
  21  2:12  SCV  
  22  2:22  Factory Tech Lab  
  22  2:24  Starport  
  22  2:25  SCV  
  23  2:31  Supply Depot  
  24  2:37  SCV  
  24  2:38  Marine x2  
  24  2:43  Cyclone  
  29  2:49  Liberator, SCV  
  30  2:56  Marine x2  
  32  3:04  Supply Depot  
  32  3:12  SCV  
  36  3:14  Marine  
  36  3:16  Marine  
  38  3:28  Siege Tank  
  40  3:37  Engineering Bay  
  40  3:39  Marine x2  
  42  3:41  Liberator  
  42  3:45  Supply Depot  
  42  3:47  SCV  
  43  3:59  Marine  
  47  4:03  Marine  
  47  4:05  SCV  
  47  4:08  Missile Turret  
  47  4:17  Marine  
  47  4:21  Marine  
  48  4:34  SCV  
  48  4:35  Siege Tank  
  45  4:40  Marine  
  45  4:41  Marine  
  41  4:58  Marine  
  42  5:01  Supply Depot  
  42  5:02  Marine  
  42  5:05  Supply Depot  
  43  5:16  Marine  
  44  5:23  Liberator, SCV  
  44  5:27  Cyclone  
  44  5:32  Marine  
  44  5:34  Marine  
  44  5:35  SCV  
  48  5:50  SCV  
  48  5:51  Marine  
  47  6:02  SCV  
  39  6:15  SCV  
  36  6:20  Marine x2  
  38  6:38  Marine  
  39  6:44  Marine  
  39  6:45  Siege Tank  
  43  6:56  Marine  
  44  7:03  SCV  
  42  7:15  SCV  
  37  7:27  SCV  
  30  7:30  Marine x2  
  26  7:39  SCV  
  21  7:51  SCV  
Tags
 
Add a new tag
Caveats
  • Supply blocks, unpowered buildings, or Contaminate may cause inaccurate times.
  • Supply counts are checked every 10 seconds.